 Dungeon Crawl Stone Soup version 0.30.0-29-ga12c61a403 (webtiles) character file.

Game seed: 14034157078447557697

61194 monsoonserge the Fighter (level 15, -14/139 HPs)
             Began as a Meteoran Fighter on June 26, 2023.
             Was the Champion of Lugonu.
             Demolished by a spriggan rider
             ... wielding a +0 spear
              (31 damage)
             ... on level 2 of the Swamp.
             The game lasted 01:22:05 (7315 turns).

monsoonserge the Fighter (Meteoran Fighter)         Turns: 7315, Time: 01:22:06

Health: -14/139    AC: 13    Str: 30    XL:     15   Next: 87%
Magic:  22/22      EV: 13    Int: 16    God:    Lugonu [******]
Gold:   909        SH:  0    Dex: 14    Spells: 14/14 levels left

rFire   x . .        b - +9 sling of the Sky {speed, rF- rC+++ SInv Stlth+}
rCold   + + +        (no shield)
rNeg    . . .        N - +3 chain mail of Spring Thaw {Harm Int+4}
rPois   .            l - +0 helmet
rElec   .            h - scarf {harm}
rCorr   .            H - +2 pair of gloves
SInv    +            (no boots)
Will    +....        D - amulet of regeneration Stlth
                     Z - +6 ring of strength
HPRegen 1.23/turn    X - ring of flight
MPRegen 0.18/turn

%: harm (+45% outgoing, +30% incoming)
@: about to teleport, corroded, flying, glowing
A: sense surroundings 2, otherworldly, glowing, explore regen
a: Renounce Religion, Depart the Abyss, Banish, Corrupt, Enter the Abyss, Brand
Weapon With Distortion


You were on level 2 of the Swamp.
You worshipped Lugonu.
Lugonu was exalted by your worship.
You visited 4 branches of the dungeon, and saw 16 of its levels.
You also visited: Bailey.

You collected 1156 gold pieces.
You spent 247 gold pieces at shops.

Inventory:

Hand Weapons
 a - the +9 quarterstaff "Deuteda" {heavy, *Corrode rElec rPois}
   (You found it on level 3 of the Dungeon)

   rElec:     It insulates you from electricity.
   rPois:     It protects you from poison.
   *Corrode:  It may corrode you when you take damage.
 b - the +9 sling of the Sky (weapon) {speed, rF- rC+++ SInv Stlth+}
   (You found it on level 8 of the Dungeon)

   rF:        It makes you vulnerable to fire.
   rC:        It renders you almost immune to cold.
   SInv:      It lets you see invisible.
   Stlth:     It makes you more stealthy.
Missiles
 i - 8 silver javelins
 m - 4 boomerangs
 n - 9 curare-tipped darts
 v - 2 javelins
 B - 22 poisoned darts
 Q - a throwing net
Armour
 c - a +0 buckler
 h - a scarf of harm (worn)
 l - a +0 helmet (worn)
 H - a +2 pair of gloves (worn)
 N - the +3 chain mail of Spring Thaw (worn) {Harm Int+4}
   (You found it on level 6 of the Dungeon)

   Int:       It affects your intelligence (+4).
   Harm:      It increases damage dealt and taken.
 T - an orb of mayhem
Jewellery
 d - an amulet of guardian spirit
 D - an amulet of regeneration (around neck)
 I - a ring of protection from cold
 X - a ring of flight (right hand)
 Y - a ring of positive energy
 Z - a +6 ring of strength (left hand)
Wands
 t - a wand of charming (17)
 G - a wand of acid (7)
 L - a wand of roots (21)
 R - a wand of polymorph (19)
 W - a wand of mindburst (3)
Scrolls
 e - 4 scrolls of immolation
 g - 3 scrolls of silence
 j - 3 scrolls of identify
 p - 8 scrolls of teleportation
 u - a scroll of butterflies
 x - 3 scrolls of vulnerability {unknown}
 y - 3 scrolls of enchant armour
 z - 2 scrolls of fog
 C - a scroll of torment {unknown}
 J - 2 scrolls of magic mapping {unknown}
 K - 2 scrolls of poison
 M - 9 scrolls of enchant weapon
 U - 2 scrolls of noise {unknown}
 V - 2 scrolls of blinking {unknown}
Potions
 f - 2 potions of curing
 k - 4 potions of magic {unknown}
 o - 4 potions of attraction
 q - a potion of resistance {unknown}
 r - 3 potions of flight {unknown}
 s - 3 potions of lignification {unknown}
 w - 6 potions of mutation
 A - 4 potions of haste
 E - a potion of degeneration {unknown}
 F - 2 potions of cancellation {unknown}
 P - 5 potions of heal wounds {unknown}
 S - 2 potions of ambrosia {unknown}
Miscellaneous
 O - a lightning rod (1/4)


   Skills:
 + Level 14.7 Fighting
 + Level 6.3 Axes
 - Level 14.0 Staves
 + Level 11.8 Ranged Weapons
 + Level 5.6 Throwing
 - Level 14.0 Armour
 + Level 9.1 Dodging
 - Level 4.0 Shields
 - Level 8.0 Invocations
 + Level 2.6 Evocations


You had 14 spell levels left.
You didn't know any spells.
Your spell library contained the following spells:

 Spells                   Type           Power      Damage    Failure   Level
 Blink                    Tloc           0%         N/A       71%         2
 Volatile Blastmotes      Fire/Tloc      0%         2d10      91%         3
 Fulminant Prism          Conj/Hex       0%         3d5       100%        4
 Iskenderun's Mystic Bla  Conj/Tloc      0%         2d3       100%        4
 Manifold Assault         Tloc           0%         N/A       100%        4
 Lee's Rapid Deconstruct  Erth           0%         3d4*      100%        5
 Storm Form               Tmut/Air       0%         N/A       100%        7


Dungeon Overview and Level Annotations

Branches:
Dungeon (8/15) Zot: 1154   Temple (1/1) D:6 Zot: 536    Lair (5/5) D:8 Zot: 240
  Swamp (2/4) Lair:3 Zot: 615  Spider (0/4) Lair:3        Slime (0/5) Lair:4
 Bailey (visited)

Altars:
Ashenzari
Cheibriados
Dithmenos
Hepliaklqana
Kikubaaqudgha
Makhleb
Okawaru
Ru
Uskayaw
Xom
Zin
The Shining One
Jiyva
Lugonu

Shops:
D:3 :   D:5 *


Innate Abilities, Weirdness & Mutations

You passively map the area around you.
You are easily found by Zot.
You glow in the dark.
You regain HP and MP as you explore.


Message History

You hear a shout!
You hear a chilling moan.
The spriggan rider hits you from afar with a +0 spear.
* * * LOW HITPOINT WARNING * * *
Aiming: Thunderbolt
Press: ? - help, Shift-Dir - straight line, f/p - spriggan rider
Aim: a spriggan rider, wielding a +0 spear (almost dead)
The thunderbolt hits the spriggan rider!!
You kill the spriggan rider!
Lugonu accepts your kill.
You kill the hornet!
Lugonu accepts your kill.
A swamp worm comes into view.
Found a potion of curing.
You see here a wand of roots (5).
Aiming: Mindburst
Press: ? - help, Shift-Dir - straight line, f - spriggan rider
Aim: a spriggan rider, wielding a +0 spear and wearing a +0 buckler (chance to affect: 13%)
Okay, then.
Aiming: Polymorph
Press: ? - help, Shift-Dir - straight line, f - spriggan rider
Aim: a spriggan rider, wielding a +0 spear and wearing a +0 buckler (will become a shining eye, a meliai, or an eye of devastation, chance to affect: 3%)
Okay, then.
A spriggan rider comes into view. It is wielding a +0 spear.
The spriggan rider shouts!
A will-o-the-wisp comes into view.
As you read the scroll labelled WUGEISTRAUL, it crumbles to dust.
You feel strangely unstable.
It was a scroll of teleportation.
The will-o-the-wisp gives a chilling moan.
The spriggan rider hits you with a +0 spear!!
* * * LOW HITPOINT WARNING * * *
Okay, then.
Okay, then.
Press: ? - help, v - describe, . - travel The floor, spattered with blood.
Okay, then.
As you read the scroll labelled HOWEGE YPHI, it crumbles to dust.
The creatures around you are filled with an inner flame!
It was a scroll of immolation.
The spriggan rider hits you with a +0 spear!!
You die...

* ♣♣* ♣♣ *♣.♣♣♣♣♣♣~♣♣
§♣~.~♣.~♣~~~♣ ,*
.....~~/..~~~♣♣ , .
.........~...♣♣
i.♣~....~~~♣...~♣ *
~.....~.....!~..♣ * *
..i...v.i..@...♣♣ ~ *
,~..~....#.###i.♣.♣~.
♣.~ ♣....#).i.#...~..♣
♣.~ ♣..##!.....#.....♣
♣.~♣♣..#...#..÷#....♣♣
♣~.~♣..#..##.......~.♣
♣..♣..#...#...#(....~
*
♣.~~..##.....##....~~*
* ,
♣♣..♣~..##...#...~.~~~
~


You could see 2 spriggan riders and a will-o-the-wisp.

Vanquished Creatures
  Gastronok (Lair:2)
  The ghost of Steelrune the Severer, a journeyman GrFi of Zin (Swamp:1)
  2 bunyips (Swamp:1)
  7 hydras
  A ghost crab (Swamp:1)
  A merfolk avatar (Lair:5)
  2 boulder beetles
  A two-headed ogre (D:8)
  3 alligators (Swamp:1)
  4 death yaks (Lair:4)
  Sonja (Lair:2)
  8 spriggans
  4 skysharks
  Amaemon (Lair:2)
  3 goliath frogs (Swamp:2)
  3 bog bodies
  A spriggan druid (Swamp:2)
  2 sea snakes (Lair:5)
  A harpy (Lair:5)
  2 orc knights (Bailey)
  A will-o-the-wisp (Swamp:2)
  3 manticores
  11 elephants
  A torpor snail (Lair:4)
  A black mamba (Lair:5)
  8 cane toads
  7 komodo dragons
  An orange demon (Lair:2)
  4 rime drakes (Lair:5)
  A burning bush (Lair:4)
  2 polar bears
  A wind drake (Lair:5)
  9 hornets
  19 blink frogs
  4 tyrant leeches
  A snapping turtle (Lair:5)
  3 wyverns
  2 basilisks
  29 yaks
  The ghost of turdburglar the Skirmisher, an amateur GnHu (D:3)
  2 steam dragons (Lair:5)
  4 vampire mosquitoes (Swamp:2)
  3 wargs (D:8)
  4 swamp worms
  13 water moccasins
  3 sky beasts
  A swamp drake (Swamp:2)
  An ice beast (D:7)
  5 orc warriors
  A centaur (D:8)
  17 wolves
  An ogre (D:4)
  4 kobold brigands (D:8)
  8 scorpions
  11 bullfrogs
  2 gnoll sergeants
  4 wights (D:8)
  A howler monkey (D:8)
  An electric eel (Lair:3)
  A jelly (D:5)
  4 orc priests
  A gnoll bouda (D:8)
  2 hounds
  Jessica (D:3)
  Ijyb (D:3)
  Natasha (D:3)
  7 iguanas
  3 orc wizards (D:8)
  18 hell rats
  Robin (D:3)
  7 gnolls
  5 adders
  3 shadow imps
  2 white imps
  An ufetubus (D:7)
  3 worms
  2 dart slugs (D:1)
  43 orcs
  4 endoplasms
  3 giant cockroaches
  11 goblins
  5 hobgoblins
  11 jackals
  14 kobolds
  2 quokkas (D:4)
  5 ball pythons
  A bat (D:3)
  5 frilled lizards
  8 rats
419 creatures vanquished.

Vanquished Creatures (collateral kills)
  An orc warrior (Bailey)
  An orc (D:4)
2 creatures vanquished.

Vanquished Creatures (others)
  A jelly (D:4)
  4 foxfires (Swamp:2)
5 creatures vanquished.

Grand Total: 426 creatures vanquished

Notes
Turn   | Place    | Note
-------+----------+-------------------------------------------
     0 | D:1      | monsoonserge the Meteoran Fighter began the quest for the
                  | Orb.
     0 | D:1      | Reached XP level 1. HP: 19/19 MP: 2/2
    74 | D:1      | Reached XP level 2. HP: 16/26 MP: 3/3
   156 | D:1      | Reached XP level 3. HP: 31/31 MP: 4/4
   317 | D:2      | You fall into a shaft and drop 2 floors!
   354 | D:4      | Reached skill level 1 in Dodging
   354 | D:4      | Reached XP level 4. HP: 31/38 MP: 5/5
   363 | D:4      | Reached XP level 5. HP: 23/46 MP: 6/6
   419 | D:3      | Noticed Jessica
   424 | D:3      | Killed Jessica
   425 | D:3      | Reached skill level 5 in Axes
   451 | D:3      | Noticed Natasha
   460 | D:3      | Killed Natasha
   467 | D:3      | Noticed Ijyb
   472 | D:3      | Killed Ijyb
   473 | D:3      | Reached XP level 6. HP: 42/52 MP: 7/7
   580 | D:3      | Noticed Robin
   620 | D:3      | Killed Robin
   648 | D:3      | Identified the +9 quarterstaff "Deuteda" {heavy, *Corrode
                  | rElec rPois}
  1020 | D:3      | Found Kiagrudgha's Book Shoppe.
  1122 | D:3      | Found a runed translucent door.
  1124 | D:3      | Noticed turdburglar's ghost (amateur GnHu)
  1132 | D:3      | Killed turdburglar's ghost
  1133 | D:3      | Reached XP level 7. HP: 58/60 MP: 8/8
  1394 | D:5      | Entered Level 5 of the Dungeon
  1449 | D:5      | Reached XP level 8. HP: 60/67 MP: 9/9
  1544 | D:5      | Reached skill level 5 in Fighting
  1544 | D:5      | Reached skill level 5 in Staves
  1645 | D:5      | Found Ughief's Assorted Antiques.
  1658 | D:5      | Bought a pair of glowing gloves for 195 gold pieces
  1751 | D:5      | Noticed a hornet
  1756 | D:5      | Killed a hornet
  1939 | D:6      | Found a staircase to the Ecumenical Temple.
  1950 | D:6      | Identified the +3 chain mail of Spring Thaw {Harm Int+4}
  1960 | Temple   | Entered the Ecumenical Temple
  2012 | Temple   | Became a worshipper of Lugonu the Unformed
  2130 | D:6      | Found a glowing golden altar of the Shining One.
  2200 | D:6      | Found a shadowy altar of Dithmenos.
  2338 | D:6      | Gained mutation: You passively map the area around you.
                  | [Meteoran growth]
  2338 | D:6      | Reached XP level 9. HP: 66/74 MP: 10/10
  2424 | D:5      | Bought a scroll labelled ERUISI AKLEMAE for 26 gold pieces
  2424 | D:5      | Bought a scroll labelled WUGEISTRAUL for 26 gold pieces
  2564 | D:7      | Found a flagged portal.
  2607 | Bailey   | Entered a bailey
  2624 | Bailey   | Reached * piety under Lugonu
  2664 | Bailey   | Reached skill level 5 in Armour
  2740 | Bailey   | Reached skill level 5 in Dodging
  2740 | Bailey   | Reached XP level 10. HP: 90/90 MP: 10/16
  2773 | Bailey   | Noticed an orc knight
  2779 | Bailey   | Noticed an orc knight
  2789 | Bailey   | Killed an orc knight
  2790 | Bailey   | Reached skill level 1 in Throwing
  2819 | Bailey   | Killed an orc knight
  2820 | Bailey   | Reached XP level 11. HP: 55/95 MP: 17/17
  3029 | D:7      | Found a broken altar of Ashenzari.
  3225 | D:7      | Found a shimmering altar of Xom.
  3269 | D:8      | Reached ** piety under Lugonu
  3327 | D:8      | Noticed a two-headed ogre
  3336 | D:8      | Killed a two-headed ogre
  3350 | D:8      | Identified the +9 sling of the Sky {speed, rF- rC+++ SInv
                  | Stlth+}
  3552 | D:8      | Found a staircase to the Lair.
  3703 | D:8      | Noticed a seven-headed hydra
  3704 | D:8      | Noticed a manticore
  3710 | D:8      | Banished a seven-headed hydra
  3711 | D:8      | Reached skill level 1 in Ranged Weapons
  3714 | D:8      | Killed a manticore
  3770 | D:8      | Noticed a boulder beetle
  3780 | D:8      | Reached skill level 10 in Armour
  3783 | D:8      | Killed a boulder beetle
  3825 | Lair:1   | Entered Level 1 of the Lair of Beasts
  3831 | Lair:1   | Reached *** piety under Lugonu
  3842 | Lair:1   | Reached XP level 12. HP: 59/105 MP: 18/18
  4336 | Lair:1   | Glimpsed the power of Zot.
  4392 | Lair:2   | You fall into a shaft and drop 1 floor!
  4396 | Lair:3   | Noticed a six-headed hydra
  4401 | Lair:3   | Killed a six-headed hydra
  4435 | Lair:2   | Reached skill level 10 in Fighting
  4577 | Lair:2   | Noticed Gastronok
  4591 | Lair:2   | Killed Gastronok
  4594 | Lair:2   | Reached XP level 13. HP: 101/113 MP: 19/19
  4599 | Lair:2   | Noticed Amaemon
  4600 | Lair:2   | Noticed Sonja
  4601 | Lair:2   | Reached skill level 5 in Ranged Weapons
  4604 | Lair:2   | Killed Amaemon
  4606 | Lair:2   | Killed Sonja
  4613 | Lair:2   | Reached **** piety under Lugonu
  4901 | Lair:3   | Noticed a boulder beetle
  4916 | Lair:3   | Killed a boulder beetle
  5014 | Lair:3   | Found a staircase to the Swamp.
  5064 | Lair:3   | Found a hole to the Spider Nest.
  5238 | Lair:3   | Reached ***** piety under Lugonu
  5373 | Lair:4   | Noticed a death yak
  5373 | Lair:4   | Noticed a death yak
  5373 | Lair:4   | Noticed a death yak
  5376 | Lair:4   | Noticed a death yak
  5377 | Lair:4   | Killed a death yak
  5378 | Lair:4   | Reached XP level 14. HP: 126/126 MP: 20/20
  5379 | Lair:4   | Reached skill level 1 in Evocations
  5609 | Lair:4   | Found a staircase to the Slime Pits.
  5611 | Lair:4   | Found a viscous altar of Jiyva.
  5621 | Lair:4   | Reached skill level 5 in Throwing
  5800 | Lair:5   | Entered Level 5 of the Lair of Beasts
  6363 | Lair:5   | Reached XP level 15. HP: 75/136 MP: 22/22
  6368 | Lair:5   | Reached skill level 10 in Ranged Weapons
  6411 | Lair:5   | Found the +7 captain's cutlass {speed, disarm}
  6683 | Swamp:1  | Entered Level 1 of the Swamp
  6734 | Swamp:1  | Reached ****** piety under Lugonu
  6777 | Swamp:1  | Found a runed translucent gate.
  6778 | Swamp:1  | Found a runed translucent gate.
  6778 | Swamp:1  | Noticed Steelrune's ghost (journeyman GrFi)
  6779 | Swamp:1  | Found a runed translucent gate.
  6790 | Swamp:1  | Killed Steelrune's ghost
  7315 | Swamp:2  | Demolished by a spriggan rider

Illustrated notes

Levels and vault maps discovered:
D:1:      psy_arrival_spokes, layout_rooms, serial_bayou_ford_a
D:2:      layout_basic
D:3:      layout_loops_ring, serial_shops, shop, gammafunk_ghost_grave,
          uniq_ijyb, uniq_jessica, uniq_robin, uniq_natasha
D:4:      layout_cave_pools, kennysheep_generic_room_15
D:5:      layout_cave_pods, serial_shops, shop
D:6:      layout_loops_ring, trog_butcher_becter,
          grunt_dithmenos_smoke_and_mirrors, tso_oasis_becter,
          minmay_temple_entry_mini_moons
D:7:      layout_loops_ring, nicolae_ashenzari_panopticon, lemuel_tele_altar,
          enter_bailey_2, dk_vineyard_3
D:8:      wad_guarded_room, layout_cave_pools, erik_lair_orcish_takeover,
          kennysheep_cross_room
Temple:   corrupted_temple
Lair:1:   layout_regular_city, serial_bayou_shore_a, lemuel_fruit_fields,
          lemuel_fruit_tree, serial_bayou_shore_b, lemuel_fruit_fields
Lair:2:   layout_loops_ring, uniq_amaemon, uniq_sonja, uniq_gastronok
Lair:3:   layout_regular_city, nicolae_swamp_entry_splash_gauntlet,
          nicolae_spider_entry_non_spiders, chequers_serial_rivers_large_b
Lair:4:   layout_loops_ring, slime_entry_1, evilmike_ambush
          [evilmike_ambush_outer_basic, evilmike_ambush_inner_basic],
          infiniplex_staircase_pool_2
Lair:5:   gammafunk_lair_ancient_temple, layout_cave_shapes, grunt_megastairs_3
Swamp:1:  layout_basic_swamp, gammafunk_ghost_hydra_chop, serial_swamp_ruin,
          hangedman_swamp_ruin_wall, evilmike_swamp_ruin_house_4,
          evilmike_swamp_ruin_house_5
Swamp:2:  layout_basic_swamp, evilmike_swamp_ruin_house_3

Skill      XL: |  1  2  3  4  5  6  7  8  9 10 11 12 13 14 15 |
---------------+----------------------------------------------+-----
Armour         | 4 8 9 10 11 12 13 14 | 14.0
Axes           | 4 5 6 |  6.3
Dodging        | 1 2 3 5 6 7 8 9 |  9.1
Shields        | 4 |  4.0
Fighting       | 4 5 8 9 10 12 13 14 | 14.7
Staves         | 3 4 7 11 13 14 | 14.0
Invocations    | 7 8 |  8.0
Throwing       | 1 2 3 4 5 |  5.6
Ranged Weapons | 2 4 7 9 11 | 11.8
Evocations     | 2 |  2.6

Action                     |  1- 3 |  4- 6 |  7- 9 | 10-12 | 13-15 || total
---------------------------+-------+-------+-------+-------+-------++-------
  Melee: War axe           |    48 |    86 |       |       |       ||   134
         Quarterstaff      |       |    34 |   109 |   220 |   436 ||   799
   Fire: Sling             |       |       |       |    42 |   185 ||   227
  Throw: Dart              |       |       |     1 |    16 |       ||    17
         Boomerang         |       |       |     1 |    10 |    29 ||    40
 Invoke: Banish            |       |       |       |     2 |       ||     2
  Evoke: Wand              |       |       |     1 |     1 |     1 ||     3
         Lightning rod     |       |       |       |       |     7 ||     7
    Use: Scroll            |       |       |     7 |       |     6 ||    13
         Potion            |       |       |     3 |       |     1 ||     4
 Armour: Scale mail        |    32 |     3 |       |       |       ||    35
         Chain mail        |       |    76 |   104 |   152 |   348 ||   680
  Dodge: Dodged            |    20 |    37 |    66 |   118 |   249 ||   490
  Block: Buckler           |    15 |    20 |       |       |       ||    35
